 Dungeon Crawl Stone Soup version 0.29.0-4-gdea44cf6ec (webtiles) character file.

Game seed: 14053992866840207899

59 qw the Chopper (level 4, -4/26 HPs)
             Began as a Tengu Warper on Aug 28, 2022.
             Slain by a hobgoblin (6 damage)
             ... led by Robin
             ... on level 2 of the Dungeon.
             The game lasted 00:00:09 (1581 turns).

qw the Chopper (Tengu Warper)                       Turns: 1581, Time: 00:00:09

Health: -4/26      AC:  8    Str: 14    XL:     4   Next: 3%
Magic:  8/8        EV:  9    Int: 13    God:
Gold:   32         SH:  0    Dex: 13    Spells: 7/7 levels left

rFire   + + .      SeeInvis .   Y - +1 hand axe
rCold   x . .      Faith    .   (no shield)
rNeg    . . .      Spirit   .   c - +0 fire dragon scales
rPois   .          Reflect  .   (helmet restricted)
rElec   .          Harm     .   (no cloak)
rCorr   .          Rampage  .   (no gloves)
Will    .....                   (boots unavailable)
Stlth   ..........              g - amulet of the acrobat
HPRegen 0.08/turn               (no ring)
MPRegen 0.11/turn               (no ring)

@: no status effects
A: beak, talons 3
a: no special abilities


You were on level 2 of the Dungeon.
You visited 1 branch of the dungeon, and saw 2 of its levels.

You collected 32 gold pieces.


Innate Abilities, Weirdness & Mutations

You have a beak for a mouth.
You have claws for feet.


   Skills:
 - Level 2.0 Fighting
 + Level 4.6 Axes
 - Level 1.0 Throwing
 - Level 1.1 Armour
 - Level 2.1 Dodging
 - Level 2.0 Spellcasting
 - Level 2.4 Translocations


You had 7 spell levels left.
You didn't know any spells.
Your spell library contained the following spells:

 Spells                   Type           Power      Damage    Failure   Level
 Blink                    Tloc           14%        N/A       65%         2
 Gell's Gravitas          Tloc           7%         N/A       86%         3
 Lesser Beckoning         Tloc           7%         N/A       86%         3
 Teleport Other           Tloc           7%         N/A       86%         3
 Manifold Assault         Tloc           7%         N/A       100%        5

Inventory:

Hand Weapons
 h - a +2 flail of protection
 Y - a +1 hand axe (weapon)
Armour
 c - +0 fire dragon scales (worn)
Jewellery
 g - an amulet of the acrobat (around neck)
Potions
 a - a potion of brilliance {unknown}

Dungeon Overview and Level Annotations

Branches:
Dungeon (2/15)

Altars:


Message History

The hobgoblin hits you.
You closely miss the hobgoblin. Your kick misses the hobgoblin.
The hobgoblin is heavily wounded.
You closely miss the giant cockroach. The giant cockroach bites you.
A goblin comes into view. It is wielding a +0 club.
The giant cockroach bites you but does no damage.
You barely miss the hobgoblin.
The goblin shouts!
Your kick misses the hobgoblin.
The hobgoblin is heavily wounded.
You hit the hobgoblin.
You hit the giant cockroach but do no damage.
The hobgoblin barely misses you.
The hobgoblin hits you but does no damage.
The giant cockroach bites you.
You closely miss the hobgoblin.
The hobgoblin is heavily wounded.
You barely miss the hobgoblin. You hit the giant cockroach.
The giant cockroach bites you but does no damage.
The hobgoblin hits you but does no damage. x2
You barely miss the hobgoblin. Your kick misses the hobgoblin.
Your peck misses the hobgoblin.
The hobgoblin is heavily wounded.
You closely miss the giant cockroach. You barely miss the hobgoblin.
The giant cockroach bites you but does no damage.
The hobgoblin hits you.
The hobgoblin hits you but does no damage.
You hit the hobgoblin but do no damage.
The hobgoblin is heavily wounded.
You closely miss the hobgoblin. You hit the giant cockroach.
The giant cockroach bites you. The hobgoblin misses you.
The hobgoblin hits you but does no damage.
The giant cockroach barely misses you.
You barely miss the giant cockroach. Your peck misses the giant cockroach.
The giant cockroach is severely wounded.
You hit the hobgoblin. x2
You kill the hobgoblin!
The hobgoblin hits you.
You die...

.. #g ### . #.. #g . ##
#.. . #.##. .. ..#.# .#
.... ..##.#.# .# #..
##...#.##.## #..##
#..........# #...####
#...[.)g)..# #####.))...
#......@Bg.#......?.....
#########.##.######.....
# #..... ##.... #....
##### # # #


You could see a giant cockroach, a hobgoblin (strong) and a goblin.

Vanquished Creatures
  Robin (D:2)
  A dart slug (D:1)
  6 endoplasms
  9 goblins
  8 hobgoblins
  2 jackals (D:1)
  3 quokkas (D:1)
  A ball python (D:1)
  A bat (D:1)
  A frilled lizard (D:1)
  6 kobolds
  A rat (D:1)
40 creatures vanquished.

Notes
Turn   | Place    | Note
-------+----------+-------------------------------------------
     0 | D:1      | qw the Tengu Warper began the quest for the Orb.
     0 | D:1      | Reached XP level 1. HP: 12/12 MP: 4/4
     0 | D:1      | 0 ||| qw: Version: 0.1-a-89-g26bdef1
     0 | D:1      | 0 ||| qw: Game counter: 1737
     0 | D:1      | 0 ||| qw: Always use a shield: true
     0 | D:1      | 0 ||| qw: God list: Okawaru
     0 | D:1      | 0 ||| qw: Allow faded altars: false
     0 | D:1      | 0 ||| qw: Do Orc after D:15 true
     0 | D:1      | 0 ||| qw: Do second Lair branch before Depths: true
     0 | D:1      | 0 ||| qw: Lair rune preference: random
     0 | D:1      | 0 ||| qw: Plans: Normal
     0 | D:1      | 0 ||| PLANNING D:1-11
   225 | D:1      | Reached XP level 2. HP: 17/17 MP: 6/6
   229 | D:1      | Found a faded altar of an unknown god.
   233 | D:1      | Reached skill level 3 in Axes
   936 | D:1      | Reached XP level 3. HP: 21/21 MP: 7/7
   943 | D:1      | 943 ||| DROPPING +0 whip.
  1126 | D:1      | Reached skill level 4 in Axes
  1259 | D:1      | 1259 ||| UPGRADING to amulet of the acrobat.
  1264 | D:1      | 1264 ||| READING scroll labelled MUHATOLAGI.
  1265 | D:1      | 1265 ||| READING scroll labelled ILUTWO YH OPSOIS.
  1266 | D:1      | 1266 ||| DROPPING scroll of blinking.
  1407 | D:2      | Noticed Robin
  1408 | D:2      | 1408 ||| Stepping ~*~*~tactically~*~*~ (stealth).
  1414 | D:2      | 1414 ||| Stepping ~*~*~tactically~*~*~ (stealth).
  1420 | D:2      | 1420 ||| FLEEEEING.
  1421 | D:2      | 1421 ||| FLEEEEING.
  1422 | D:2      | 1422 ||| FLEEEEING.
  1423 | D:2      | 1423 ||| FLEEEEING.
  1424 | D:2      | 1424 ||| FLEEEEING.
  1425 | D:2      | 1425 ||| FLEEEEING.
  1426 | D:2      | 1426 ||| FLEEEEING.
  1427 | D:2      | 1427 ||| STAIRDANCE
  1489 | D:1      | 1489 ||| UPGRADING to +0 fire dragon scales.
  1499 | D:1      | 1499 ||| DROPPING +0 leather armour.
  1500 | D:1      | 1500 ||| READING scroll labelled NAVIDOFOEM.
  1501 | D:1      | 1501 ||| READING scroll labelled KEAGIF NELO EXTISA.
  1572 | D:2      | Killed Robin
  1573 | D:2      | Reached XP level 4. HP: 16/26 MP: 8/8
  1579 | D:2      | HP: 3/26 [hobgoblin[Robin] (5)]
  1581 | D:2      | Slain by a hobgoblin

Levels and vault maps discovered:
D:1:      mushboom_english_gardens, layout_loops_ring,
          hellmonk_ecumenical_altar_pennies_from_heaven
D:2:      layout_basic, serial_shops, nicolae_shop_trees,
          uniq_crazy_yiuf_cottage, uniq_robin

Skill      XL: |  1  2  3 |
---------------+----------+-----
Axes           | 3 4 |  4.6
Fighting       | |  2.0
Throwing       | |  1.0
Armour         | |  1.1
Dodging        | |  2.1
Spellcasting   | |  2.0
Translocations | |  2.4

Action                   |  1- 3 |  4- 6 || total
-------------------------+-------+-------++-------
Melee: Hand axe          |    83 |     9 ||    92
       Kick              |    17 |       ||    17
       Peck              |    12 |       ||    12
Throw: Boomerang         |     7 |       ||     7
  Use: Scroll            |     4 |       ||     4
Armor: Leather armour    |    11 |       ||    11
       Fire dragon scale |    17 |    11 ||    28
Dodge: Dodged            |    46 |     3 ||    49

Table legend:
 A = Non-vault XP
 B = Vault XP
 C = Vault XP percentage of total XP
 D = Non-vault monster count
 E = Vault monster count
 F = Vault count percentage of total count
                 A         B        C        D         E       F
            +---------+---------+-------+---------+---------+-------
      Total |      54 |      33 |  37.9 |      30 |      10 |  25.0
            +---------+---------+-------+---------+---------+-------
        D:1 |      46 |       0 |   0.0 |      25 |       0 |   0.0
        D:2 |       8 |      33 |  80.5 |       5 |      10 |  66.7
            +---------+---------+-------+---------+---------+-------
